[Event "Romanian-ch Open 2022"]
[Site "Eforie Nord"]
[Date "2022.02.26"]
[Round "8.7"]
[White "Bonte, Andrei-Mihai"]
[Black "Ghimpu, Samuel-Timotei"]
[Result "0-1"]
[ECO "D38"]
[WhiteElo "2349"]
[BlackElo "2420"]
[Annotator "ChessBase"]
[PlyCount "41"]
[EventDate "2022.02.20"]
[EventType "swiss"]
[EventCountry "ROU"]
[SourceTitle "playchess.com"]
[Source "ChessBase"]
[SourceQuality "1"]
[TimeControl "40/5400+30:900+30"]

1. d4 Nf6 2. c4 e6 3. Nf3 d5 4. Nc3 Bb4 5. cxd5 exd5 6. Qa4+ Nc6 7. Bg5 h6 8. Bxf6 Qxf6 9. e3 O-O 10. Be2 Be6 11. O-O a6 12. Rfc1 Bd6 13. Qd1 Ne7 14. g3 g5 15. e4 dxe4 16. Nxe4 Qg7 17. Nxd6 cxd6 18. d5 Bxd5 19. Rc7 Rfe8 20. Nd4 Qe5 21. Bg4 0-1

[Event "Romanian-ch Open 2022"]
[Site "Eforie Nord"]
[Date "2022.02.26"]
[Round "8.8"]
[White "Stoleriu, George"]
[Black "Manea, Alexandru"]
[Result "1/2-1/2"]
[ECO "A07"]
[WhiteElo "2419"]
[BlackElo "2355"]
[Annotator "NA"]
[PlyCount "105"]
[EventDate "2022.02.20"]
[EventType "swiss"]
[EventCountry "ROU"]
[SourceTitle "playchess.com"]
[Source "ChessBase"]
[SourceQuality "1"]
[TimeControl "40/5400+30:900+30"]

1. Nf3 d5 2. b3 Bf5 3. Bb2 e6 4. g3 Nf6 5. Bg2 h6 6. O-O Nbd7 7. d3 Be7 8. Nbd2 O-O 9. Re1 c6 10. h3 Bh7 11. e4 Ne8 12. Qe2 Nd6 13. Nh2 Re8 14. f4 Nb5 15. a4 Bc5+ 16. Kh1 {[%emt 0:00:04] [#]} Bd4 $1 17. Bxd4 Nxd4 18. Qd1 Qa5 19. Rc1 $11 Qc3 20. Nb1 Qb2 21. b4 dxe4 22. dxe4 Nb6 23. c3 Red8 24. cxd4 Rxd4 25. Qc2 Qxb4 26. f5 Nxa4 27. Nf3 Rdd8 28. fxe6 fxe6 29. Qa2 Nc5 30. Ne5 Qb3 31. Qf2 Nd3 32. Qf7+ Kh8 33. Nxd3 Rxd3 34. Kh2 a5 35. Qf2 a4 36. Bf1 Rf3 37. Qg2 Rf6 38. e5 Rff8 39. Nd2 Qb2 40. Nc4 Qb4 41. Nd6 Qb6 42. Qg1 Qb2+ 43. Kh1 b5 44. Bg2 a3 45. Bxc6 Rab8 46. Bd7 a2 47. Bxe6 Bb1 48. Rxb1 axb1=Q 49. Rxb1 Qxe5 50. Nf7+ Rxf7 51. Bxf7 Qe4+ 52. Kh2 Qc2+ 53. Kh1 1/2-1/2

[Event "Romanian-ch Open 2022"]
[Site "Eforie Nord"]
[Date "2022.02.26"]
[Round "8.13"]
[White "Vajda, Albert"]
[Black "Popescu, Daniel-Vasilica"]
[Result "1-0"]
[ECO "B12"]
[WhiteElo "2351"]
[BlackElo "2064"]
[Annotator "ChessBase"]
[PlyCount "72"]
[EventDate "2022.02.20"]
[EventType "swiss"]
[EventCountry "ROU"]
[SourceTitle "playchess.com"]
[Source "ChessBase"]
[SourceQuality "1"]
[TimeControl "40/5400+30:900+30"]

1. e4 c6 2. d4 d5 3. e5 c5 4. dxc5 e6 5. a3 Bxc5 6. b4 Be7 7. Nf3 Nd7 8. Bd3 g5 9. Bb2 h5 10. O-O a6 11. Nbd2 b5 12. a4 bxa4 13. c4 Bb7 14. Qxa4 Kf8 15. c5 Qc7 16. Nb3 g4 17. Nfd4 Nxe5 18. c6 Bc8 19. Nb5 axb5 20. Qxa8 Bd6 21. Ra7 Qd8 22. Bxe5 Bxe5 23. c7 Bxh2+ 24. Kxh2 Qh4+ 25. Kg1 Ne7 26. Nd4 g3 27. Nf3 Qf4 28. Ra3 h4 29. Qa7 h3 30. Qd4 gxf2+ 31. Kxf2 Qh6 32. Rh1 Rg8 33. Rxh3 Qc1 34. Rc3 Qd1 35. Rh8 Qa1 36. Rxg8+ Nxg8 1-0

[Event "Romanian-ch Open 2022"]
[Site "Eforie Nord"]
[Date "2022.02.26"]
[Round "8.14"]
[White "Filip, Andrei"]
[Black "Antonica, Dragos-Andrei"]
[Result "0-1"]
[ECO "B52"]
[WhiteElo "2216"]
[BlackElo "2350"]
[Annotator "ChessBase"]
[PlyCount "100"]
[EventDate "2022.02.20"]
[EventType "swiss"]
[EventCountry "ROU"]
[SourceTitle "playchess.com"]
[Source "ChessBase"]
[SourceQuality "1"]
[TimeControl "40/5400+30:900+30"]

1. e4 c5 2. Nf3 d6 3. Bb5+ Bd7 4. Bxd7+ Qxd7 5. c4 Nf6 6. Nc3 Nc6 7. d4 cxd4 8. Nxd4 g6 9. f3 Bg7 10. Be3 O-O 11. O-O a6 12. a4 e6 13. Qd2 Na5 14. Qd3 Rfc8 15. b3 e5 16. Nde2 Nxb3 17. Rad1 Qc6 18. Qxd6 Qxd6 19. Rxd6 Na5 20. Bg5 Ne8 21. Rd7 Rxc4 22. Rfd1 Bf8 23. Kf1 Rb8 24. Rb1 Rc7 25. Rd8 Rcc8 26. Rd7 Nc7 27. Rb6 Ne6 28. Bf6 Nc5 29. Rd5 Nc4 30. Rb1 Ne3+ 31. Ke1 Nxd5 32. exd5 b5 33. axb5 axb5 34. Rxb5 Rxb5 35. Nxb5 Nd7 36. Bh4 Bb4+ 37. Kf2 Rc5 38. Nd6 Rxd5 39. Nc4 f5 40. Bg5 Kf7 41. Be3 Ke6 42. f4 e4 43. Nd4+ Kf6 44. Nb3 Bc5 45. Nxc5 Nxc5 46. Nb6 Nd3+ 47. Ke2 Rb5 48. Bd4+ Ke6 49. g3 Ra5 50. Nc4 Ra4 0-1

[Event "Romanian-ch Open 2022"]
[Site "Eforie Nord"]
[Date "2022.02.26"]
[Round "8.15"]
[White "Nastore, Pavel-Alexandru"]
[Black "Coca, Cristi-Iulian"]
[Result "1-0"]
[ECO "C41"]
[WhiteElo "2306"]
[BlackElo "2147"]
[Annotator "NA"]
[PlyCount "76"]
[EventDate "2022.02.20"]
[EventType "swiss"]
[EventCountry "ROU"]
[SourceTitle "playchess.com"]
[Source "ChessBase"]
[SourceQuality "1"]
[TimeControl "40/5400+30:900+30"]

1. e4 d6 2. d4 Nf6 3. Nc3 Nbd7 4. Nf3 e5 5. Be2 Be7 6. O-O O-O 7. Re1 c6 8. a4 Re8 9. Bf1 Bf8 10. g3 Qc7 11. Bg2 a5 12. h3 h6 13. Be3 Nb6 14. Nd2 Nh7 15. f4 exf4 16. gxf4 d5 17. e5 Bf5 18. Ne2 Qd7 19. Kh2 Rac8 20. Ng3 c5 21. Nxf5 Qxf5 22. Nb3 cxd4 23. Qxd4 Nc4 24. Re2 Nxe3 25. Qxe3 Rxc2 26. Rae1 Rxe2 27. Rxe2 Nf6 28. Nxa5 Nh5 29. Rf2 Ra8 30. Nxb7 Rxa4 31. Bxd5 Rxf4 32. Rxf4 Nxf4 33. Bb3 Ne6 34. Nd6 Qb1 35. Qe2 Qc1 36. Qf2 Bxd6 37. exd6 Qf4+ 38. Qxf4 Nxf4 1-0

[Event "Romanian-ch Open 2022"]
[Site "Eforie Nord"]
[Date "2022.02.26"]
[Round "8.16"]
[White "Radu, David Cr."]
[Black "Doncea, Vladimir"]
[Result "1-0"]
[ECO "B07"]
[WhiteElo "1960"]
[BlackElo "2367"]
[Annotator "ChessBase"]
[PlyCount "51"]
[EventDate "2022.02.20"]
[EventType "swiss"]
[EventCountry "ROU"]
[SourceTitle "playchess.com"]
[Source "ChessBase"]
[SourceQuality "1"]
[TimeControl "40/5400+30:900+30"]

1. e4 c5 2. c3 d6 3. d4 Nf6 4. Bd3 Qc7 5. Nf3 g6 6. O-O Bg7 7. h3 O-O 8. a4 Nc6 9. Na3 a6 10. Re1 e5 11. Bg5 exd4 12. cxd4 Nxd4 13. Nxd4 cxd4 14. Rc1 Qa5 15. Bf4 d5 16. Bd6 Re8 17. e5 Ne4 18. Bxe4 dxe4 19. Nc4 Qd8 20. Qxd4 b5 21. Nb6 Rb8 22. Nd5 Rb7 23. Qxe4 Qg5 24. Rxc8 Rxc8 25. Nf6+ Bxf6 26. exf6 1-0

[Event "Romanian-ch Open 2022"]
[Site "Eforie Nord"]
[Date "2022.02.26"]
[Round "8.17"]
[White "Dobre, Claudiu-Cristian"]
[Black "Daianu, Cristian-Clement"]
[Result "1/2-1/2"]
[ECO "A21"]
[WhiteElo "2298"]
[BlackElo "2171"]
[Annotator "NA"]
[PlyCount "103"]
[EventDate "2022.02.20"]
[EventType "swiss"]
[EventCountry "ROU"]
[SourceTitle "playchess.com"]
[Source "ChessBase"]
[SourceQuality "1"]
[TimeControl "40/5400+30:900+30"]

1. Nf3 d6 2. c4 f5 3. Nc3 Nf6 4. g3 e5 5. d3 Be7 6. Bg2 O-O 7. b4 c6 8. Qb3 Kh8 9. d4 e4 10. Ng1 Be6 11. d5 Bg8 12. Nh3 b5 13. cxb5 Nxd5 14. Nxd5 Bxd5 15. Qc2 cxb5 16. Nf4 Bc4 17. Bb2 Bf6 18. O-O Nc6 19. Bxf6 Qxf6 20. Qd2 d5 21. f3 Rad8 22. h4 Qd4+ 23. Qxd4 Nxd4 24. Kf2 e3+ 25. Kxe3 Nc2+ 26. Kd2 Nxa1 27. Rxa1 Rfe8 28. h5 d4 29. Bh3 Re5 30. a4 a6 31. axb5 Bxb5 32. Rc1 Rde8 33. Bf1 Re3 34. Rc7 R3e7 35. Rc5 Re5 36. Rc7 Kg8 37. h6 R5e7 38. Rc5 Re5 39. Rc7 R8e7 40. Rc8+ Re8 41. Rc7 g6 42. Rb7 R8e7 43. Rb8+ Kf7 44. Rb6 Ke8 45. Nxg6 hxg6 46. Rb8+ Kd7 47. h7 Rxh7 48. Rb7+ Ke6 49. Rxh7 Re3 50. Rh6 Kf6 51. Rh4 Ke5 52. Rh6 1/2-1/2

[Event "Romanian-ch Open 2022"]
[Site "Eforie Nord"]
[Date "2022.02.26"]
[Round "8.18"]
[White "Voiteanu, Gabriel"]
[Black "Serban, Cristian-Stefan"]
[Result "1/2-1/2"]
[ECO "E04"]
[WhiteElo "2207"]
[BlackElo "2090"]
[Annotator "NA"]
[PlyCount "136"]
[EventDate "2022.02.20"]
[EventType "swiss"]
[EventCountry "ROU"]
[SourceTitle "playchess.com"]
[Source "ChessBase"]
[SourceQuality "1"]
[TimeControl "40/5400+30:900+30"]

1. d4 d5 2. c4 e6 3. Nc3 c6 4. Nf3 dxc4 5. g3 b5 6. Bg2 Bb7 7. O-O Nf6 8. Ne5 Qb6 9. b3 cxb3 10. Qxb3 a6 11. Bb2 Nbd7 12. Nxd7 Nxd7 13. Ne4 Be7 14. Nc5 Nxc5 15. dxc5 Bxc5 16. Bxg7 Rg8 17. Bf6 Rg6 18. Qb2 Bf8 19. Rfd1 c5 20. Qd2 Bd6 21. Bxb7 Qxb7 22. Qxd6 Rxf6 23. Qxc5 Rf5 24. Qd4 Qa7 25. Rac1 Qxd4 26. Rxd4 Rd8 27. Rxd8+ Kxd8 28. e4 Rf3 29. a4 bxa4 30. Rc6 Ke7 31. Rxa6 a3 32. Kg2 Rb3 33. g4 Kf6 34. Ra5 Kg6 35. h4 h6 36. f3 Rb2+ 37. Kg3 a2 38. Kf4 e5+ 39. Kg3 f6 40. Ra7 h5 41. g5 Rc2 42. Ra6 Rc6 43. Rxa2 fxg5 44. Ra5 gxh4+ 45. Kxh4 Rf6 46. Kg3 Re6 47. Rb5 Re8 48. Kh4 Rf8 49. Rb6+ Kg7 50. Kg3 Re8 51. Ra6 Re7 52. Rc6 Re8 53. f4 exf4+ 54. Kxf4 h4 55. e5 h3 56. Rc7+ Kg6 57. Rc6+ Kg7 58. Kf5 h2 59. Rc7+ Kg8 60. Rc1 Kf7 61. Rc7+ Kg8 62. Rc1 Kf7 63. Rh1 Rh8 64. Kg5 Ke6 65. Kf4 Rh4+ 66. Kg3 Rh8 67. Rxh2 Rxh2 68. Kxh2 Kxe5 1/2-1/2

[Event "Romanian-ch Open 2022"]
[Site "Eforie Nord"]
[Date "2022.02.26"]
[Round "8.19"]
[White "Cnejev, Vladimir-Alexandru"]
[Black "Vilcu, Matei-Stefan"]
[Result "1/2-1/2"]
[ECO "B51"]
[WhiteElo "2179"]
[BlackElo "2112"]
[Annotator "NA"]
[PlyCount "112"]
[EventDate "2022.02.20"]
[EventType "swiss"]
[EventCountry "ROU"]
[SourceTitle "playchess.com"]
[Source "ChessBase"]
[SourceQuality "1"]
[TimeControl "40/5400+30:900+30"]

1. e4 c5 2. Nf3 d6 3. Bb5+ Nd7 4. O-O a6 5. Bd3 Ngf6 6. Re1 e6 7. c3 b5 8. Bc2 c4 9. d4 cxd3 10. Qxd3 Bb7 11. Nbd2 Nc5 12. Qe2 Be7 13. b4 Ncd7 14. a4 bxa4 15. Rxa4 O-O 16. Nb3 Qc7 17. Na5 Nb6 18. Ra3 Bc8 19. Bd3 e5 20. Nd2 d5 21. exd5 Nbxd5 22. Ndc4 Re8 23. Qc2 Bf8 24. f3 Bd7 25. Bd2 Bb5 26. Nb2 Bxd3 27. Qxd3 Rad8 28. Qc4 Qa7+ 29. Kf1 Nb6 30. Qe2 Qc7 31. Bg5 Nbd5 32. Qc4 Qd7 33. Raa1 Qf5 34. Bxf6 Nxf6 35. Kg1 Rd2 36. Re2 Rxe2 37. Qxe2 e4 38. Nac4 exf3 39. Qxf3 Qc2 40. Qd3 Qxd3 41. Nxd3 Nd5 42. Rxa6 Nxc3 43. Ra3 Nd5 44. Rb3 Nxb4 45. Nxb4 Rb8 46. Ne5 Rxb4 47. Rxb4 Bxb4 48. Kf2 f6 49. Nf3 Kf7 50. Ke3 Bc5+ 51. Ke4 Ke6 52. g4 g6 53. Nd2 f5+ 54. gxf5+ gxf5+ 55. Kf3 Kf6 56. Ne4+ Ke5 1/2-1/2

[Event "Romanian-ch Open 2022"]
[Site "Eforie Nord"]
[Date "2022.02.26"]
[Round "8.20"]
[White "Sachilaru, Alexandru"]
[Black "Antal, Hunor-Zoltan"]
[Result "1-0"]
[ECO "A58"]
[WhiteElo "2085"]
[BlackElo "2172"]
[Annotator "NA"]
[PlyCount "119"]
[EventDate "2022.02.20"]
[EventType "swiss"]
[EventCountry "ROU"]
[SourceTitle "playchess.com"]
[Source "ChessBase"]
[SourceQuality "1"]
[TimeControl "40/5400+30:900+30"]

1. d4 Nf6 2. c4 c5 3. d5 b5 4. cxb5 a6 5. bxa6 Bxa6 6. Nc3 d6 7. g3 g6 8. Bg2 Bg7 9. Nf3 O-O 10. O-O Nbd7 11. h3 Qa5 12. Re1 Rfb8 13. Qc2 Ra7 14. Rb1 Rab7 15. Bd2 Ne8 16. b3 Qc7 17. a3 Qa5 18. Na4 Qd8 19. b4 Rc8 20. Rbc1 Ra7 21. Qb3 c4 22. Qd1 Bb7 23. Be3 Ra6 24. Nd4 Rca8 25. Nc6 Bxc6 26. dxc6 Rxa4 27. cxd7 Qxd7 28. Bxa8 Rxa8 29. Kh2 Rxa3 30. Rxc4 Qe6 31. Qc2 Rxe3 32. fxe3 Qxe3 33. Rf1 Nf6 34. Qd3 Qe5 35. b5 Nd7 36. Rc8+ Bf8 37. Rb1 Nc5 38. Qf3 Ne4 39. Rf1 Qe6 40. Ra8 f5 41. Qe3 Kf7 42. b6 Qd5 43. Ra4 Nc5 44. Qd4 Qb7 45. Qc4+ Kf6 46. Rb4 e5 47. Qg8 Ne6 48. Qh8+ Kg5 49. h4+ Kh6 50. Qf6 Qa6 51. Rf2 Qa3 52. Qxe6 Qxb4 53. Qf6 d5 54. b7 Bd6 55. Rxf5 Be7 56. Qxe5 gxf5 57. b8=Q Qe1 58. Qf4+ Kg6 59. Qe8+ Kf6 60. Qg5+ 1-0

[Event "Romanian-ch Open 2022"]
[Site "Eforie Nord"]
[Date "2022.02.26"]
[Round "8.21"]
[White "Stepanencu, Nicodim-Cosmin"]
[Black "Zaim, Marian"]
[Result "1-0"]
[ECO "C41"]
[WhiteElo "2334"]
[BlackElo "1964"]
[Annotator "ChessBase"]
[PlyCount "63"]
[EventDate "2022.02.20"]
[EventType "swiss"]
[EventCountry "ROU"]
[SourceTitle "playchess.com"]
[Source "ChessBase"]
[SourceQuality "1"]
[TimeControl "40/5400+30:900+30"]

1. e4 d6 2. d4 Nf6 3. Nc3 e5 4. Nf3 Nbd7 5. Rg1 c6 6. g4 g6 7. g5 Nh5 8. Be3 Qa5 9. Nd2 Be7 10. h4 b5 11. d5 b4 12. Nc4 Qc7 13. dxc6 bxc3 14. cxd7+ Bxd7 15. b3 Be6 16. Qd3 Bxc4 17. Qxc3 O-O 18. Bxc4 Kh8 19. O-O-O f6 20. Rd3 fxg5 21. hxg5 Nf4 22. Bxf4 Rxf4 23. Rh3 h5 24. gxh6 g5 25. h7 Raf8 26. Rh6 R8f6 27. Rxg5 Rxh6 28. Rg8+ Kxh7 29. Qg3 Rh1+ 30. Kb2 Bg5 31. Qxg5 Rh6 32. Rh8+ 1-0

[Event "Romanian-ch Open 2022"]
[Site "Eforie Nord"]
[Date "2022.02.26"]
[Round "8.22"]
[White "Mazilu, Stefan-Fabian"]
[Black "Patrascu, Catalin-Lucian"]
[Result "1/2-1/2"]
[ECO "B51"]
[WhiteElo "1886"]
[BlackElo "2310"]
[Annotator "ChessBase"]
[PlyCount "52"]
[EventDate "2022.02.20"]
[EventType "swiss"]
[EventCountry "ROU"]
[SourceTitle "playchess.com"]
[Source "ChessBase"]
[SourceQuality "1"]
[TimeControl "40/5400+30:900+30"]

1. e4 c5 2. Nf3 d6 3. Bb5+ Nd7 4. a4 Ngf6 5. Nc3 g6 6. O-O Bg7 7. a5 a6 8. Bc4 O-O 9. Re1 Ng4 10. d4 cxd4 11. Nxd4 Qc7 12. Bf1 Qc5 13. Qxg4 Bxd4 14. Be3 Nf6 15. Bxd4 Qxd4 16. Qd1 Qxd1 17. Raxd1 Be6 18. Nd5 Bxd5 19. exd5 Rfe8 20. h3 Kf8 21. Re3 Rec8 22. c4 Rc7 23. Rde1 Rb8 24. Rb3 Nd7 25. Rbe3 b6 26. Rxe7 Rbb7 1/2-1/2

[Event "Romanian-ch Open 2022"]
[Site "Eforie Nord"]
[Date "2022.02.26"]
[Round "8.23"]
[White "Andronescu, Madalin"]
[Black "Negrean, Andrei"]
[Result "1/2-1/2"]
[ECO "B49"]
[WhiteElo "2122"]
[BlackElo "1941"]
[Annotator "NA"]
[PlyCount "113"]
[EventDate "2022.02.20"]
[EventType "swiss"]
[EventCountry "ROU"]
[SourceTitle "playchess.com"]
[Source "ChessBase"]
[SourceQuality "1"]
[TimeControl "40/5400+30:900+30"]

1. e4 c5 2. Nf3 Nc6 3. d4 cxd4 4. Nxd4 Qc7 5. Nc3 e6 6. Be3 a6 7. Be2 Nf6 8. O-O Bb4 9. Nxc6 bxc6 10. Na4 Bd6 11. h3 Nxe4 12. Qd4 Nf6 13. Nb6 Rb8 14. Nc4 Bh2+ 15. Kh1 d5 16. g3 dxc4 17. Kxh2 Qd7 18. Qxc4 e5 19. Kg1 Qd5 20. Rfd1 Qxc4 21. Bxc4 Bxh3 22. Bc5 Be6 23. Bxe6 fxe6 24. Rd6 Kf7 25. Rxc6 Rhc8 26. Rxc8 Rxc8 27. b4 Nd7 28. Be3 Rxc2 29. a4 Nb8 30. b5 Rb2 31. Ba7 Nd7 32. bxa6 Nb8 33. Bxb8 Rxb8 34. a7 Ra8 35. a5 Rxa7 36. a6 e4 37. Kf1 Kf6 38. Ke2 Kf5 39. Ke3 h5 40. Kd4 e5+ 41. Kc5 e3 42. fxe3 Ke4 43. Kb6 Ra8 44. Kb7 Re8 45. a7 g5 46. a8=Q Rxa8 47. Rxa8 Kxe3 48. Kc6 Kf3 49. Ra3+ Kg2 50. Kd5 h4 51. gxh4 gxh4 52. Kxe5 h3 53. Kf4 h2 54. Ra2+ Kh3 55. Ra3+ Kg2 56. Ra2+ Kh3 57. Ra3+ 1/2-1/2

[Event "Romanian-ch Open 2022"]
[Site "Eforie Nord"]
[Date "2022.02.26"]
[Round "8.24"]
[White "Tamas, Christian-Arrydan"]
[Black "Dragomirescu, Calin"]
[Result "1-0"]
[ECO "A90"]
[WhiteElo "1833"]
[BlackElo "2092"]
[Annotator "NA"]
[PlyCount "127"]
[EventDate "2022.02.20"]
[EventType "swiss"]
[EventCountry "ROU"]
[SourceTitle "playchess.com"]
[Source "ChessBase"]
[SourceQuality "1"]
[TimeControl "40/5400+30:900+30"]

1. d4 d5 2. Nf3 c6 3. g3 e6 4. Bg2 f5 5. O-O Nf6 6. c4 Bd6 7. Nbd2 Nbd7 8. Ne1 O-O 9. Nd3 Ne4 10. Qc2 Qf6 11. e3 g5 12. b3 Qh6 13. f3 Nxg3 14. hxg3 Bxg3 15. Rd1 Bh2+ 16. Kf1 Nf6 17. Ke2 Nh5 18. Nf1 Bd6 19. Ne5 Bxe5 20. dxe5 Bd7 21. Bd2 Be8 22. Be1 Bg6 23. Qd2 f4 24. Bf2 fxe3 25. Bxe3 Nf4+ 26. Bxf4 Rxf4 27. Ne3 d4 28. Ng4 d3+ 29. Ke3 Rxg4 30. fxg4 Qh2 31. Kd4 c5+ 32. Kxc5 Qxe5+ 33. Kb4 a5+ 34. Ka3 b5 35. cxb5 Rc8 36. Rac1 Qd6+ 37. Kb2 Qd4+ 38. Rc3 a4 39. Bc6 Rf8 40. Qc1 e5 41. b6 axb3 42. axb3 e4 43. Qxg5 Rf2+ 44. Rd2 Rxd2+ 45. Qxd2 e3 46. Qg2 e2 47. b7 Qxc3+ 48. Kxc3 e1=Q+ 49. Kc4 Qc1+ 50. Kb5 Qf4 51. Qd5+ Kg7 52. Qd7+ Kh6 53. g5+ Qxg5+ 54. Ka6 Qe5 55. Qd8 Qa1+ 56. Ba4 Qf1 57. Qh4+ Kg7 58. Qd4+ Kh6 59. b8=Q d2+ 60. Bb5 d1=Q 61. Qh4+ Kg7 62. Qe5+ Kg8 63. Bxf1 Qxf1+ 64. Qc4+ 1-0

[Event "Romanian-ch Open 2022"]
[Site "Eforie Nord"]
[Date "2022.02.26"]
[Round "8.25"]
[White "Ignat, Matei-Marius"]
[Black "Butolo, Alexandru-Mircea"]
[Result "1/2-1/2"]
[ECO "E11"]
[WhiteElo "2053"]
[BlackElo "1850"]
[Annotator "ChessBase"]
[PlyCount "71"]
[EventDate "2022.02.20"]
[EventType "swiss"]
[EventCountry "ROU"]
[SourceTitle "playchess.com"]
[Source "ChessBase"]
[SourceQuality "1"]
[TimeControl "40/5400+30:900+30"]

1. d4 Nf6 2. c4 e6 3. Nf3 Bb4+ 4. Bd2 Qe7 5. Qc2 O-O 6. Nc3 d5 7. e3 b6 8. a3 Bxc3 9. Bxc3 Nbd7 10. Rc1 Ba6 11. Qa4 Bxc4 12. Bxc4 dxc4 13. Qxc4 c5 14. O-O Ne4 15. dxc5 Nxc3 16. Qxc3 Nxc5 17. b4 Nb7 18. Qc7 Qxc7 19. Rxc7 Nd6 20. Rd1 Nb5 21. Rb7 Nxa3 22. Rdd7 Nc4 23. Rxa7 Rxa7 24. Rxa7 Rd8 25. Kf1 h6 26. Rc7 b5 27. Rb7 Nd6 28. Rb6 Ne4 29. Rxb5 Rd1+ 30. Ne1 Rb1 31. f3 Nc3 32. Rb8+ Kh7 33. e4 f5 34. Rc8 Na2 35. exf5 exf5 36. Rb8 1/2-1/2

[Event "Romanian-ch Open 2022"]
[Site "Eforie Nord"]
[Date "2022.02.26"]
[Round "8.26"]
[White "Mintau, Andrei-Catalin"]
[Black "Craciun, Sasha-Matei"]
[Result "1-0"]
[ECO "C45"]
[WhiteElo "2029"]
[BlackElo "1871"]
[Annotator "NA"]
[PlyCount "57"]
[EventDate "2022.02.20"]
[EventType "swiss"]
[EventCountry "ROU"]
[SourceTitle "playchess.com"]
[Source "ChessBase"]
[SourceQuality "1"]
[TimeControl "40/5400+30:900+30"]

1. e4 e5 2. Nf3 Nc6 3. d4 exd4 4. Nxd4 Bc5 5. Be3 Qf6 6. c3 Nge7 7. Bc4 Ne5 8. Be2 Qg6 9. O-O d6 10. f3 O-O 11. Nd2 d5 12. Qc2 dxe4 13. Nxe4 Bb6 14. a4 Bh3 15. Rf2 Nf5 16. Nxf5 Bxf5 17. Bd4 Rae8 18. a5 Bxd4 19. cxd4 Nc6 20. Rd1 Bxe4 21. fxe4 Qxe4 22. Bd3 Qe3 23. Bxh7+ Kh8 24. Rd3 Qe1+ 25. Rf1 Nb4 26. Rh3 Nxc2 27. Bxc2+ Kg8 28. Bh7+ Kh8 29. Bd3+ 1-0

[Event "Romanian-ch Open 2022"]
[Site "Eforie Nord"]
[Date "2022.02.26"]
[Round "8.27"]
[White "Craciun, Gheorghe"]
[Black "Coicev, Matei-Andrei"]
[Result "0-1"]
[ECO "B13"]
[WhiteElo "1655"]
[BlackElo "1970"]
[Annotator "NA"]
[PlyCount "118"]
[EventDate "2022.02.20"]
[EventType "swiss"]
[EventCountry "ROU"]
[SourceTitle "playchess.com"]
[Source "ChessBase"]
[SourceQuality "1"]
[TimeControl "40/5400+30:900+30"]

1. d4 Nf6 2. Nc3 d5 3. Bf4 c5 4. e3 cxd4 5. exd4 Bg4 6. f3 Bd7 7. Bd3 e6 8. a3 Be7 9. Nge2 Nc6 10. Nb5 O-O 11. O-O a6 12. Nbc3 Rc8 13. b4 Nxd4 14. Nxd4 Rxc3 15. Qd2 Rc8 16. Rac1 Bc6 17. Nb3 Ba4 18. Rfe1 Bxb3 19. cxb3 Qb6+ 20. Kh1 d4 21. Be5 Kh8 22. Rxc8 Rxc8 23. Rc1 Rc6 24. Rc4 Rxc4 25. Bxc4 Qc6 26. Bxd4 b5 27. Bd3 Kg8 28. Qc2 Qxc2 29. Bxc2 Nd5 30. Kg1 Kf8 31. Kf2 g6 32. Be4 Ke8 33. Bxd5 exd5 34. Bc5 Bf6 35. Ke3 Kd7 36. a4 bxa4 37. bxa4 Kc6 38. Bf8 Bc3 39. Kd3 Be5 40. g3 h5 41. f4 Bb2 42. Kc2 Bd4 43. Be7 Bg1 44. h3 Kd7 45. Bh4 Bf2 46. Kd3 Ke6 47. b5 axb5 48. axb5 f5 49. Ke2 Bb6 50. Kf3 d4 51. g4 Kd5 52. gxh5 gxh5 53. Ke2 Ke4 54. Bg5 d3+ 55. Kd1 Kd5 56. Kd2 Kc4 57. h4 Ba5+ 58. Ke3 Kc3 59. Bf6+ Kc2 0-1

[Event "Romanian-ch Open 2022"]
[Site "Eforie Nord"]
[Date "2022.02.26"]
[Round "8.28"]
[White "Ciocani, Iosif"]
[Black "Sarighioleanu, Sebastian-Laure"]
[Result "1-0"]
[ECO "A31"]
[WhiteElo "1876"]
[BlackElo "2045"]
[Annotator "NA"]
[PlyCount "119"]
[EventDate "2022.02.20"]
[EventType "swiss"]
[EventCountry "ROU"]
[SourceTitle "playchess.com"]
[Source "ChessBase"]
[SourceQuality "1"]
[TimeControl "40/5400+30:900+30"]

1. e4 c5 2. Nf3 e6 3. d4 cxd4 4. Nxd4 a6 5. c4 Nf6 6. Nc3 Qc7 7. a3 b6 8. Be3 Bb7 9. f3 d6 10. Qd2 Nbd7 11. Be2 Be7 12. O-O O-O 13. b4 Rac8 14. Rac1 Rfe8 15. Rc2 Qb8 16. Rb1 Ne5 17. Na4 Nfd7 18. Bf1 Rc7 19. Qf2 Ba8 20. Rbc1 h5 21. Nb3 Rc6 22. Be2 Bd8 23. h3 h4 24. Nb2 Be7 25. f4 Ng6 26. Bf3 Rcc8 27. Na4 Bc6 28. Nc3 Bf6 29. b5 Ba8 30. Na4 axb5 31. cxb5 Nc5 32. Naxc5 dxc5 33. e5 Bd8 34. Nd2 Bc7 35. Nc4 Rcd8 36. a4 Qa7 37. Ra1 Bd5 38. a5 bxa5 39. Bxc5 Qa8 40. Bxd5 Qxd5 41. b6 Bb8 42. Nd6 Re7 43. Rd2 Qc6 44. Rxa5 Red7 45. Ba3 Bxd6 46. Rxd6 Qe4 47. Ra7 Nf8 48. b7 Rb8 49. Rxd7 Nxd7 50. Bd6 Qb1+ 51. Kh2 Re8 52. Ra8 Nb8 53. Rxb8 Rxb8 54. Bxb8 Qxb7 55. Bd6 Qe4 56. Qxh4 Qf5 57. Qg4 Qd3 58. Be7 Qh7 59. Bf6 Kf8 60. Qxg7+ 1-0

[Event "Romanian-ch Open 2022"]
[Site "Eforie Nord"]
[Date "2022.02.26"]
[Round "8.29"]
[White "Tudor, Henry Edward"]
[Black "Prelipcean, Eric-Matei"]
[Result "1/2-1/2"]
[ECO "D80"]
[WhiteElo "1879"]
[BlackElo "1935"]
[Annotator "NA"]
[PlyCount "149"]
[EventDate "2022.02.20"]
[EventType "swiss"]
[EventCountry "ROU"]
[SourceTitle "playchess.com"]
[Source "ChessBase"]
[SourceQuality "1"]
[TimeControl "40/5400+30:900+30"]

1. d4 Nf6 2. c4 g6 3. Nc3 d5 4. Bg5 Ne4 5. Nxe4 dxe4 6. Qd2 Bg7 7. O-O-O h6 8. Bf4 Nc6 9. e3 O-O 10. Ne2 f5 11. f3 e5 12. Bg3 f4 13. exf4 exf3 14. gxf3 exd4 15. Bf2 Qf6 16. Rg1 Kh7 17. h4 h5 18. Rg5 Bf5 19. Ng3 Bh6 20. Rxf5 gxf5 21. Nxh5 Qg6 22. Ng3 Qd6 23. Ne2 Rad8 24. Kb1 d3 25. Nc3 Qxf4 26. Qxf4 Bxf4 27. Bxd3 b6 28. a3 Be5 29. Nd5 Bd6 30. Be3 Ne5 31. Bg5 Rc8 32. Bc2 Nxf3 33. Bf6 Kg6 34. h5+ Kxh5 35. Bxf5 Rce8 36. Rd3 Ng5 37. Rd1 Re2 38. Rg1 Rf2 39. Rxg5+ Kh6 40. Bg4 R2xf6 41. Rh5+ Kg6 42. Nxf6 Rxf6 43. Rd5 Rf4 44. Be2 Rf2 45. Bd3+ Kf6 46. Rh5 Be5 47. Bc2 Ke6 48. Rh6+ Bf6 49. Rh5 Kd6 50. Rd5+ Ke6 51. Rh5 c6 52. c5 b5 53. Bb3+ Kd7 54. Rh7+ Kc8 55. Bc2 Kb8 56. Rf7 a5 57. Rf8+ Kc7 58. Rf7+ Kd8 59. Rf8+ Kd7 60. Ra8 a4 61. Ra6 Rf1+ 62. Ka2 Rc1 63. Bf5+ Kc7 64. Ra7+ Kb8 65. Rf7 Be5 66. Rf8+ Kc7 67. Rf7+ Kd8 68. Rd7+ Ke8 69. Rd2 Rxc5 70. Rc2 Rxc2 71. Bxc2 Kd7 72. b3 axb3+ 73. Kxb3 c5 74. a4 bxa4+ 75. Kxa4 1/2-1/2

[Event "Romanian-ch Open 2022"]
[Site "Eforie Nord"]
[Date "2022.02.26"]
[Round "8.30"]
[White "Bobocea, Laurentiu-Vlad"]
[Black "Chis, Bogdan-Vasile"]
[Result "1/2-1/2"]
[ECO "D08"]
[WhiteElo "1987"]
[BlackElo "1685"]
[Annotator "ChessBase"]
[PlyCount "33"]
[EventDate "2022.02.20"]
[EventType "swiss"]
[EventCountry "ROU"]
[SourceTitle "playchess.com"]
[Source "ChessBase"]
[SourceQuality "1"]
[TimeControl "40/5400+30:900+30"]

1. d4 d5 2. c4 e5 3. dxe5 d4 4. Nf3 Nc6 5. a3 Nge7 6. b4 Ng6 7. Bb2 a5 8. b5 Ncxe5 9. Nxe5 Nxe5 10. Qxd4 Qxd4 11. Bxd4 Nxc4 12. e4 Be6 13. Be2 O-O-O 14. Bc3 b6 15. O-O f6 16. Rc1 Ne5 17. a4 1/2-1/2